 Dungeon Crawl Stone Soup version 0.31.0-1-g2c135a0 (webtiles) character file.

Game seed: 9259998004051714074

82 edsrzf the Cudgeller (level 4, -4/41 HPs)
             Began as a Gnoll Cinder Acolyte on Feb 1, 2024.
             Was a High Priest of Ignis.
             Killed by divine providence
             ... invoked by an orc priest
              (9 damage)
             ... on level 3 of the Dungeon.
             The game lasted 00:03:17 (1706 turns).

edsrzf the Cudgeller (Gnoll Cinder Acolyte)         Turns: 1706, Time: 00:03:19

Health: -4/41      AC: 10    Str: 15    XL:     4   Next: 43%
Magic:  8/8        EV: 11    Int: 14    God:    Ignis [*****.]
Gold:   98         SH:  0    Dex:  7    Spells: 9/9 levels left

rFire   + . .        a - -1 mace (flame)
rCold   . . .        (no shield)
rNeg    . . .        b - +0 robe
rPois   .            (no helmet)
rElec   .            o - +0 cloak
rCorr   .            (no gloves)
SInv    .            (no boots)
Will    .....        (no amulet)
Stlth   +            (no ring)
HPRegen 0.26/turn    (no ring)
MPRegen 0.11/turn

%: no passive effects
@: fiery-armoured
A: fangs 1, strong nose, distributed training
a: Renounce Religion, Fiery Armour, Foxfire Swarm, Rising Flame


You were on level 3 of the Dungeon.
You worshipped Ignis.
Ignis was extremely pleased with you.
You visited 1 branch of the dungeon, and saw 3 of its levels.

You collected 98 gold pieces.

Inventory:

Hand Weapons
 a - a -1 mace of flaming (weapon)
Missiles
 d - 2 poisoned darts (quivered)
Armour
 b - a +0 robe (worn)
 o - a +0 cloak (worn)
Scrolls
 c - 3 scrolls of identify {unknown}
 g - a scroll of poison {unknown}
 h - a scroll of brand weapon {unknown}
 j - a scroll of fear {unknown}
 l - 2 scrolls of amnesia {unknown}
 m - 2 scrolls of teleportation {unknown}
Potions
 e - a potion of haste {unknown}
 f - a potion of might {unknown}
 i - a potion of invisibility {unknown}
 k - a potion of magic
 n - a potion of curing


   Skills:
 + Level 6.6 Fighting
 + Level 1.2 Short Blades
 + Level 1.2 Long Blades
 + Level 1.2 Axes
 + Level 6.6 Maces & Flails
 + Level 1.2 Polearms
 + Level 1.2 Staves
 + Level 1.2 Ranged Weapons
 + Level 1.2 Throwing
 + Level 1.2 Armour
 + Level 1.2 Dodging
 + Level 1.2 Stealth
 + Level 1.2 Shields
 + Level 1.2 Unarmed Combat
 + Level 3.0 Spellcasting
 + Level 1.0 Conjurations
 + Level 1.0 Hexes
 + Level 1.0 Summonings
 + Level 1.0 Necromancy
 + Level 1.0 Translocations
 + Level 5.5 Fire Magic
 + Level 1.0 Ice Magic
 + Level 1.0 Air Magic
 + Level 1.0 Earth Magic
 + Level 1.0 Alchemy
 + Level 1.3 Invocations
 + Level 1.2 Evocations
 + Level 1.1 Shapeshifting


You had 9 spell levels left.
You didn't know any spells.
Your spell library contained the following spells:

 Spells                   Type           Power      Damage    Failure   Level
 Scorch                   Fire           34%        2d6       3%          2
 Apportation              Tloc           8%         N/A       14%         1
 Magic Dart               Conj           16%        1d3       14%         1
 Necrotise                Necr           16%        1d4       14%         1
 Sting                    Conj/Alch      16%        1d4       14%         1
 Summon Small Mammal      Summ           16%        N/A       14%         1
 Blink                    Tloc           8%         N/A       22%         2
 Call Imp                 Summ           8%         N/A       22%         2
 Ensorcelled Hibernation  Hex/Ice        8%         N/A       22%         2
 Fugue of the Fallen      Necr           4%         N/A       38%         3
 Anguish                  Hex/Necr       2%         N/A       80%         4


Dungeon Overview and Level Annotations

Branches:
Dungeon (3/15)

Altars:
Cheibriados
Elyvilon
Makhleb
Uskayaw
Xom

Annotations:
D:3 Robin


Innate Abilities, Weirdness & Mutations

You have very sharp teeth.
Your uncanny sense of smell can sniff out nearby items.
Your experience applies equally to all skills.


Message History

You closely miss the goblin.
You feel sick.
You are no longer poisoned.
The goblin shouts!
You hear a shout!
The goblin closely misses you.
An orc comes into view. It is wielding a +0 club.
Robin roars a battlecry!
The goblins go into a battle-frenzy!
You thump the goblin! You burn the goblin.
You kill the goblin!
You barely miss the goblin.
A hobgoblin comes into view.
The goblin hits you with a +0 club.
Robin says, "A pitiful Gnoll like you will never find the ORB!"
The hobgoblin shouts!
You sock the goblin! You burn the goblin.
You kill the goblin!
You hear a shout!
You hit the goblin. You burn the goblin.
The goblin is severely wounded.
A goblin comes into view. It is wielding a +0 dagger.
The goblin closely misses you. The orc barely misses you.
You closely miss the goblin.
The goblin is severely wounded.
The goblin hits you but does no damage.
The orc hits you from afar with a +0 trident.
You hit the goblin. You burn the goblin.
You kill the goblin!
The orc hits you from afar with a +0 trident.
The hobgoblin shouts!
A goblin comes into view. It is wielding a +0 dagger.
The orc hits you with a +0 trident.
You barely miss the orc. The orc completely misses you.
You completely miss the orc. Robin throws the goblin at you!
The goblin hits you but does no damage. The orc closely misses you.
You hit the orc. You burn the orc.
The orc is heavily wounded.
The goblin hits you with a +3 dagger. The orc barely misses you.
You hit the orc but do no damage.
The orc is heavily wounded.
The goblin no longer looks unusually strong.
Robin throws the goblin at you! The goblin completely misses you.
The goblin closely misses you. The orc closely misses you.
The goblin barely misses you. x2
You sock the orc! You burn the orc.
You kill the orc!
The goblin hits you but does no damage. The goblin barely misses you.
Your Conjurations skill increases to level 1!
Your Hexes skill increases to level 1!
Your Summonings skill increases to level 1!
Your Necromancy skill increases to level 1!
Your Translocations skill increases to level 1!
Your Ice Magic skill increases to level 1!
Your Air Magic skill increases to level 1!
Your Earth Magic skill increases to level 1!
Your Alchemy skill increases to level 1!
Unknown command.
Unknown command.
You completely miss the goblin. You punch the goblin.
You kill the goblin!
The goblin no longer looks unusually strong. x2
The orc closely misses you. The goblin closely misses you.
You thump the goblin! You burn the goblin.
You kill the goblin!
The goblin no longer looks unusually strong.
The orc hits you with a +0 dagger.
Robin roars a battlecry!
The goblins go into a battle-frenzy!
You closely miss the orc. The orc hits you but does no damage.
You hit the orc. You burn the orc.
The orc is almost dead.
The hobgoblin no longer looks unusually strong.
The orc hits you with a +0 dagger.
You barely miss the orc.
The orc is severely wounded.
The orc hits you with a +0 dagger.
* * * LOW HITPOINT WARNING * * *
Robin roars a battlecry!
The hobgoblin goes into a battle-frenzy!
You sock the orc! You burn the orc.
You kill the orc!
Robin throws the goblin at you! The goblin closely misses you.
You closely miss the goblin. Robin throws the goblin at you!
The goblin hits you with a +0 club.
* * * LOW HITPOINT WARNING * * *
The goblin hits you with a +0 dagger.
* * * LOW HITPOINT WARNING * * *
It was a potion of magic.
Magic courses through your body. The goblin barely misses you.
The goblin hits you with a +0 club.
* * * LOW HITPOINT WARNING * * *
The goblin hits you but does no damage.
It was a potion of curing.
You feel better. The goblin hits you with a +0 club.
* * * LOW HITPOINT WARNING * * *
The goblin completely misses you. The goblin closely misses you.
A protective cloak of flame settles atop you.
The goblin hits you but does no damage.
The goblin is burned by your cloak of flames.
You kill the goblin!
The orc priest calls down the wrath of Beogh upon you.
Beogh smites you!
You die...

#... #..#.##....#
##'#. .....
#..#.##....###..#.
..#..
#.................
..#..
#......#.###......
∆ #.
#..........+......
#........###......
#..#............).
#)g#########......
#@## #...... #g#
#...... #g#
##.#### #g# #....#


ogo #....# ..go. #....# g...... ##.### ......... #.#### gg......... #..... You
could see Robin, an orc priest, 2 orcs, a hobgoblin (strong) and 4 goblins.

Vanquished Creatures
  2 adders
  A dart slug (D:2)
  2 orcs (D:3)
  A bat (D:3)
  4 endoplasms
  6 giant cockroaches
  9 goblins
  5 hobgoblins
  4 jackals (D:2)
  6 kobolds
  3 quokkas
  5 ball pythons (D:2)
  A frilled lizard (D:3)
  3 rats
52 creatures vanquished.

Notes
Turn   | Place    | Note
-------+----------+-------------------------------------------
     0 | D:1      | edsrzf the Gnoll Cinder Acolyte began the quest for the
                  | Orb.
     0 | D:1      | Reached XP level 1. HP: 23/23 MP: 4/4
   141 | D:1      | Reached XP level 2. HP: 28/29 MP: 5/5
   492 | D:2      | Reached XP level 3. HP: 24/35 MP: 7/7
   601 | D:2      | Reached skill level 1 in Invocations
   786 | D:2      | Found a faded altar of an unknown god.
   886 | D:2      | Reached skill level 1 in Short Blades
   886 | D:2      | Reached skill level 1 in Long Blades
   886 | D:2      | Reached skill level 1 in Axes
   886 | D:2      | Reached skill level 1 in Polearms
   886 | D:2      | Reached skill level 1 in Staves
   886 | D:2      | Reached skill level 1 in Ranged Weapons
   886 | D:2      | Reached skill level 1 in Throwing
   886 | D:2      | Reached skill level 1 in Armour
   886 | D:2      | Reached skill level 1 in Dodging
   886 | D:2      | Reached skill level 1 in Stealth
   886 | D:2      | Reached skill level 1 in Shields
   886 | D:2      | Reached skill level 1 in Unarmed Combat
   886 | D:2      | Reached skill level 1 in Evocations
  1171 | D:3      | Reached skill level 1 in Shapeshifting
  1171 | D:3      | Reached XP level 4. HP: 37/41 MP: 8/8
  1630 | D:3      | Found a white marble altar of Elyvilon.
  1630 | D:3      | Found a snail-covered altar of Cheibriados.
  1637 | D:3      | Found a shimmering altar of Xom.
  1639 | D:3      | Found a hide-covered altar of Uskayaw.
  1640 | D:3      | Found a burning altar of Makhleb.
  1643 | D:3      | Reached skill level 3 in Spellcasting
  1674 | D:3      | Noticed Robin
  1697 | D:3      | Reached skill level 1 in Conjurations
  1697 | D:3      | Reached skill level 1 in Hexes
  1697 | D:3      | Reached skill level 1 in Summonings
  1697 | D:3      | Reached skill level 1 in Necromancy
  1697 | D:3      | Reached skill level 1 in Translocations
  1697 | D:3      | Reached skill level 1 in Ice Magic
  1697 | D:3      | Reached skill level 1 in Air Magic
  1697 | D:3      | Reached skill level 1 in Earth Magic
  1697 | D:3      | Reached skill level 1 in Alchemy
  1704 | D:3      | Identified 2 potions of magic
  1704 | D:3      | HP: 2/41 [goblin/+0 club[Robin] (6)]
  1705 | D:3      | Identified 2 potions of curing
  1706 | D:3      | Killed from afar by an orc priest

Illustrated notes

Levels and vault maps discovered:
D:1:      dpeg_arrival_simpleton_b, layout_rooms
D:2:      layout_rooms, shapermc_ecumenical_altar_hornbeckon
D:3:      layout_basic, chequers_temple_overflow_minitemple,
          minmay_shallow_snake_nest, uniq_robin

Skill      XL: |  1  2  3  4 |
---------------+-------------+-----
Invocations    | 1 |  1.3
Short Blades   | 1 |  1.2
Long Blades    | 1 |  1.2
Axes           | 1 |  1.2
Polearms       | 1 |  1.2
Staves         | 1 |  1.2
Ranged Weapons | 1 |  1.2
Throwing       | 1 |  1.2
Armour         | 1 |  1.2
Dodging        | 1 |  1.2
Stealth        | 1 |  1.2
Shields        | 1 |  1.2
Unarmed Combat | 1 |  1.2
Evocations     | 1 |  1.2
Shapeshifting  | 1 |  1.1
Spellcasting   | 3 |  3.0
Conjurations   | 1 |  1.0
Hexes          | 1 |  1.0
Summonings     | 1 |  1.0
Necromancy     | 1 |  1.0
Translocations | 1 |  1.0
Ice Magic      | 1 |  1.0
Air Magic      | 1 |  1.0
Earth Magic    | 1 |  1.0
Alchemy        | 1 |  1.0
Fighting       | |  6.6
Maces & Flails | |  6.6
Fire Magic     | |  5.5

Action                     |  1- 3 |  4- 6 || total
---------------------------+-------+-------++-------
  Melee: Mace              |   109 |    33 ||   142
         Punch             |     1 |     1 ||     2
         Bite              |     7 |     2 ||     9
 Invoke: Fiery Armour      |       |     1 ||     1
    Use: Potion            |       |     2 ||     2
 Armour: Robe              |    50 |    24 ||    74
  Dodge: Dodged            |    75 |    27 ||   102
